 Dungeon Crawl Stone Soup version 0.30-a0-540-g0af01429fa (webtiles) character file.

Game seed: 3997477484329916689

65645 Angani the Marksdraconian (level 13, -8/113 HPs)
             Began as a Black Draconian Reaver on Dec 26, 2022.
             Was the Champion of Ru.
             Mangled by a three-headed hydra simulacrum (57 damage)
             ... in an ice cave.
             The game lasted 00:37:25 (21429 turns).

Angani the Marksdraconian (Black Draconian Reaver) Turns: 21429, Time: 00:37:25

Health: -8/113     AC: 15    Str: 12    XL:     13   Next: 76%
Magic:  17/17      EV: 16    Int: 15    God:    Ru [******]
Gold:   1457       SH:  0    Dex: 14    Spells: 15/21 levels left

rFire   + . .      SeeInvis +    d - +4 arbalest
rCold   x . .      Faith    .    (shield currently unavailable)
rNeg    . . .      Spirit   .    (body armour unavailable)
rPois   .          Reflect  .    O - +2 hat
rElec   +          Harm     .    D - +2 cloak
rCorr   .          Rampage  .    H - +1 pair of gloves
Will    .....                    (no boots)
Stlth   +                        C - amulet of magic regeneration
HPRegen 0.38/turn                k - ring of protection from fire
MPRegen 0.55/turn                s - ring of protection from fire

@: slowed, studying Invocations, very slow
A: breathe lightning, AC +8, unfitting armour, electricity resistance,
cold-blooded, hated by all, unskilled 1, inexperienced 1, temperature sensitive,
see invisible, low MP 1, weak 1
a: Breathe Lightning, Renounce Religion, Draw Out Power, Power Leap, Apocalypse


You were in an ice cave.
You worshipped Ru.
Ru was exalted by your worship.
You visited 2 branches of the dungeon, and saw 17 of its levels.
You also visited: Ossuary, Bailey and Ice Cave.

You collected 1457 gold pieces.

Inventory:

Hand Weapons
 d - a +4 arbalest (weapon)
Armour
 D - a +2 cloak (worn)
 H - a +1 pair of gloves (worn)
 O - a +2 hat (worn)
 P - a +1 tower shield of fire resistance
Jewellery
 i - a ring of willpower
 k - a ring of protection from fire (left hand)
 n - a +4 ring of evasion
 s - a ring of protection from fire (right hand)
 u - a +6 ring of intelligence
 C - an amulet of magic regeneration (around neck)
 I - a +4 ring of evasion
 J - a +6 ring of intelligence
 K - a ring of see invisible
 L - a ring of flight
 U - the ring "Zyosemu" {MP+9 AC+4}
   (You found it on level 12 of the Dungeon)

   [ring of protection]

   AC:        It affects your AC (+4).
   MP:        It affects your magic capacity (+9).
Wands
 m - a wand of digging (9)
 t - a wand of iceblast (19)
 z - a wand of paralysis (13)
 M - a wand of polymorph (11)
Scrolls
 f - 5 scrolls of teleportation
 h - a scroll of magic mapping
 q - 5 scrolls of immolation
 w - 2 scrolls of fear
 x - a scroll of poison
 y - 4 scrolls of torment
 E - a scroll of blinking
 N - a scroll of fog
 Q - a scroll of amnesia
 R - a scroll of enchant weapon
 S - 2 scrolls of identify
 T - a scroll of vulnerability {unknown}
Potions
 a - 5 potions of magic
 b - 2 potions of cancellation
 c - a potion of haste
 e - 6 potions of curing
 g - 4 potions of flight
 j - 2 potions of invisibility
 l - 3 potions of lignification
 o - 9 potions of heal wounds
 p - 2 potions of attraction
 r - 3 potions of ambrosia
 v - a potion of mutation
 A - 3 potions of resistance
 B - 2 potions of brilliance
 G - 3 potions of might
Miscellaneous
 F - a lightning rod (2/4)


   Skills:
 - Level 10.0 Fighting
 * Level 17.3 Ranged Weapons
 - Level 10.0 Dodging
 - Level 2.6 Unarmed Combat
 - Level 4.5 Spellcasting
 - Level 5.3 Conjurations


You had 15 spell levels left.
You knew the following spells:

 Your Spells              Type           Power      Damage    Failure   Level
a - Kiss of Death         Conj/Necr      44%        2d8       6%          1
b - Momentum Strike       Conj/Tloc      22%        3d8       9%          2
c - Hailstorm             Conj/Ice       11%        3d5       17%         3

Your spell library contained the following spells:

 Spells                   Type           Power      Damage    Failure   Level
 Static Discharge         Conj/Air       22%        2-3/arc   9%          2
 Apportation              Tloc           6%         N/A       17%         1
 Beastly Appendage        Tmut           6%         N/A       17%         1
 Necrotise                Necr           12%        1d4       17%         1
 Dazzling Flash           Conj/Hex       22%        N/A       17%         3
 Blink                    Tloc           6%         N/A       26%         2
 Scorch                   Fire           6%         2d5       26%         2
 Wereblood                Tmut           3%         N/A       26%         2
 Spider Form              Tmut/Pois      3%         N/A       45%         3
 Vampiric Draining        Necr           3%         2d6       45%         3
 Vhi's Electric Charge    Tloc/Air       6%         N/A       45%         3
 Flame Wave               Conj/Fire      11%        2d6       50%         4
 Iskenderun's Mystic Bla  Conj/Tloc      11%        2d4       50%         4
 Arcjolt                  Conj/Air       5%         1d15      85%         5
 Lightning Bolt           Conj/Air       5%         1d17      85%         5
 Manifold Assault         Tloc           3%         N/A       86%         4
 Agony                    Necr           3%         N/A       99%         5
 Starburst                Conj/Fire      5%         6d4       100%        6
 Storm Form               Tmut/Air       1%         N/A       100%        7
 Summon Small Mammal      Summ           Unusable   N/A       N/A         1
 Summon Cactus Giant      Summ           Unusable   N/A       N/A         6

Dungeon Overview and Level Annotations

Branches:
Dungeon (12/15)            Temple (0/1) D:4            Lair (5/5) D:8
  Swamp (0/4) Lair:3        Snake (0/4) Lair:2        Slime (0/5) Lair:4
Ossuary (visited)          Bailey (visited)           IceCv (1/1)
    Orc: D:9-12

Altars:
Gozag
Nemelex Xobeh
Qazlal
Ru
Sif Muna

Shops:
D:7 (

Annotations:
D:8 1 runed translucent door
D:11 1 runed translucent door, NoAnimeNoLife's ghost, journeyman FeCK
Lair:4 3 runed translucent doors, Okey's ghost, journeyman DDFi


Innate Abilities, Weirdness & Mutations

You can breathe wild blasts of lightning.
Your glossy black scales are hard. (AC +8)
You cannot fit into any form of body armour.
You are resistant to electric shocks. (rElec)
You are cold-blooded and may be slowed by cold attacks.
You are hated by all.
You are somewhat unskilled. (-1 Apt)
You are somewhat inexperienced. (-1 XL)
You are sensitive to extremes of temperature. (rF-, rC-)
You have supernaturally acute eyesight. (SInv)
Your magical capacity is low. (-10% MP)
You are weak. (Str -2)


Message History

You shoot a bolt. The bolt hits the elephant simulacrum!
The elephant simulacrum is severely damaged.
You shoot a bolt. The bolt hits the elephant simulacrum!!
The elephant simulacrum vaporises!
No target in view!
p - 2 potions of attraction (gained 1)
A three-headed hydra simulacrum comes into view.
You shoot a bolt.
The bolt hits the three-headed hydra simulacrum!
The three-headed hydra simulacrum is moderately damaged.
You shoot a bolt.
The bolt hits the three-headed hydra simulacrum.
The three-headed hydra simulacrum is moderately damaged.
A three-headed hydra simulacrum comes into view.
You shoot a bolt.
The bolt hits the three-headed hydra simulacrum!
The three-headed hydra simulacrum is heavily damaged.
Unknown command.
You shoot a bolt.
The bolt hits the three-headed hydra simulacrum!
The three-headed hydra simulacrum is almost destroyed.
The three-headed hydra simulacrum bites you but does no damage.
The three-headed hydra simulacrum bites you!
The three-headed hydra simulacrum freezes you!!
You feel a terrible chill!
You feel yourself slow down.
You focus your inner power and blind the three-headed hydra simulacrum in retribution!
The three-headed hydra simulacrum bites you but does no damage.
You shoot a bolt.
The bolt hits the three-headed hydra simulacrum.
The three-headed hydra simulacrum is almost destroyed.
The three-headed hydra simulacrum bites you.
The three-headed hydra simulacrum freezes you!!
You feel a terrible chill!
You feel as though you will be slow longer.
The three-headed hydra simulacrum bites you.
The three-headed hydra simulacrum freezes you!!!
You feel a terrible chill!
You feel as though you will be slow longer.
Ouch! That really hurt!
You die...

#..###.....## ###
#≈≈≈# ##..###...##
#≈≈≈# #...###.###
*##≈≈# ##..#####.##
**,#.## ##..###...#
***,,.#,* ##......##
*,*,*.,**
#....#..#**,,,**,,*
##.####.#,,*,***,**
**###*#.@#,*,** **,*
**,**,*#Z.#,*,****,,*
**,**,,..Z##,*,,**,***
*,*,,⌠...#*,**,***,,**
*,,#..###***,*,,~~**,*
*,*#.** ***,,,*~~*,**
*,*#** *,*,,**~~,*,*
**,* **,,,**~~~*,,*
*,** *,,,**~~~**,,*


You could see 2 three-headed hydra simulacra.

Vanquished Creatures
  Kirke (Lair:5)
  Snorg (D:11)
  A fire dragon (Lair:5)
  Josephine (Lair:5)
  Erolcha (D:9)
  Erica (Lair:1)
  4 hydras
  4 two-headed ogres
  5 death yaks (Lair:5)
  Sonja (Lair:5)
  A fire crab (Lair:5)
  A swamp dragon (Lair:5)
  An orc knight (Bailey)
  2 deep elf pyromancers
  An ugly thing (D:8)
  An oklob plant (Lair:5)
  A will-o-the-wisp (Lair:2)
  20 elephants
  2 cyclopes (D:8)
  A water nymph (Lair:2)
  A torpor snail (Lair:5)
  8 cane toads
  3 black mambas
  Maurice (D:9)
  A gargoyle (D:8)
  An unseen horror (D:8)
  4 rime drakes
  4 komodo dragons
  2 trolls
  13 polar bears
  A tyrant leech (Lair:2)
  2 hornets
  21 blink frogs
  Grinder (D:3)
  2 raiju (Lair:5)
  A slime creature (D:8)
  A shadow (D:8)
  59 yaks
  A vampire (D:10)
  7 basilisks
  4 wraiths (Lair:5)
  Grum (D:9)
  5 hogs (Lair:5)
  A vampire mosquito (D:8)
  5 steam dragons
  7 wargs
  5 nagas (Lair:2)
  3 swamp worms (Lair:2)
  13 hell hounds (Lair:5)
  16 water moccasins
  An acid dragon (Lair:5)
  A sky beast (D:7)
  8 orc warriors
  An ice beast (D:7)
  A hornet zombie (Ossuary)
  13 black bears
  2 ogres
  24 wolves
  15 centaurs
  A phantom (D:6)
  3 kobold brigands
  10 bullfrogs
  A necrophage (D:6)
  A two-headed ogre simulacrum (IceCv)
  2 gnoll sergeants
  2 wyvern zombies (Ossuary)
  3 scorpions
  A water moccasin zombie (Ossuary)
  9 wights
  2 elephant simulacra (IceCv)
  5 killer bees
  4 electric eels
  7 howler monkeys
  3 bullfrog zombies (Ossuary)
  2 quasits (D:7)
  A jelly (D:5)
  3 centaur zombies (Ossuary)
  2 hounds
  7 orc priests
  3 gnoll boudas (D:7)
  5 iguanas
  A polar bear simulacrum (IceCv)
  6 orc wizards
  A spriggan simulacrum (IceCv)
  4 killer bee zombies (Ossuary)
  11 mummies (Ossuary)
  2 howler monkey zombies (Ossuary)
  25 gnolls
  4 adders
  3 shadow imps
  9 white imps
  7 ufetubi
  3 worms
  2 dart slugs
  40 orcs
  9 endoplasms
  3 giant cockroaches
  9 goblins
  5 hobgoblins
  5 jackals
  22 kobolds
  4 quokkas
  4 ball pythons
  6 bats
  4 frilled lizards
  22 rats
599 creatures vanquished.

Vanquished Creatures (others)
  A hydra (Lair:3)
  An elephant (Lair:4)
  A yak (D:8)
  A swamp worm (Lair:2)
  A naga (Lair:2)
  A black bear (D:5)
  A wolf (Lair:5)
  A kobold brigand (D:8)
  2 centaur zombies (Ossuary)
  An orc wizard (D:8)
  An orc (D:8)
  A jackal (D:3)
  6 demonic plants (D:7)
  4 foxfires (Lair:3)
  53 fungi
  107 plants
  10 withered plants (Ossuary)
193 creatures vanquished.

Grand Total: 792 creatures vanquished

Notes
Turn   | Place    | Note
-------+----------+-------------------------------------------
     0 | D:1      | Angani the Draconian Reaver began the quest for the Orb.
     0 | D:1      | Reached XP level 1. HP: 17/17 MP: 3/3
   401 | D:1      | Reached XP level 2. HP: 24/24 MP: 5/5
   447 | D:1      | Found a faded altar of an unknown god.
   456 | D:1      | Prayed at the altar of an unknown god.
   456 | D:1      | Became a worshipper of Ru the Awakened
   475 | D:1      | Gained mutation: You are sensitive to extremes of
                  | temperature. (rF-, rC-) [Ru sacrifice]
   475 | D:1      | Reached * piety under Ru
   475 | D:1      | Reached ** piety under Ru
   923 | D:2      | Reached skill level 1 in Ranged Weapons
   923 | D:2      | Reached XP level 3. HP: 29/29 MP: 6/6
  1616 | D:3      | Learned a level 2 spell: Momentum Strike
  1620 | D:3      | Learned a level 3 spell: Hailstorm
  1772 | D:3      | Reached XP level 4. HP: 36/36 MP: 8/8
  1927 | D:3      | Noticed Grinder
  2015 | D:4      | Noticed an ogre
  2135 | D:3      | Reached skill level 2 in Ranged Weapons
  2216 | D:4      | Noticed a black bear
  2657 | D:3      | Killed Grinder
  2658 | D:3      | Reached skill level 3 in Ranged Weapons
  2658 | D:3      | Reached XP level 5. HP: 33/41 MP: 8/10
  2658 | D:3      | Reached XP level 6. HP: 38/48 MP: 8/11
  2835 | D:4      | Reached skill level 4 in Ranged Weapons
  2985 | D:4      | Your scales start taking on a glossy black colour.
  2985 | D:4      | Reached XP level 7. HP: 54/55 MP: 12/12
  2985 | D:4      | Gained mutation: You are resistant to electric shocks.
                  | (rElec) [Black Draconian growth]
  2986 | D:4      | Gained mutation: You are hated by all. [Ru sacrifice]
  2986 | D:4      | Reached *** piety under Ru
  2986 | D:4      | Reached **** piety under Ru
  3027 | D:4      | Found a sparkling altar of Nemelex Xobeh.
  3027 | D:4      | Found an opulent altar of Gozag.
  3075 | D:4      | Found a staircase to the Ecumenical Temple.
  3381 | D:5      | Entered Level 5 of the Dungeon
  3477 | D:4      | Reached skill level 5 in Conjurations
  3594 | D:5      | Reached skill level 5 in Ranged Weapons
  4265 | D:5      | Reached XP level 8. HP: 61/61 MP: 15/15
  4411 | D:6      | Reached skill level 6 in Ranged Weapons
  4492 | D:6      | Reached skill level 5 in Spellcasting
  4497 | D:6      | Found a sand-covered staircase.
  4502 | Ossuary  | Entered an ossuary
  4807 | Ossuary  | Reached skill level 7 in Ranged Weapons
  4910 | Ossuary  | Reached XP level 9. HP: 67/71 MP: 16/16
  5373 | D:6      | Gained mutation: You are somewhat unskilled. (-1 Apt) [Ru
                  | sacrifice]
  5373 | D:6      | Reduced skill Ranged Weapons to level 6
  5373 | D:6      | Reached ***** piety under Ru
  5467 | D:6      | Reached skill level 7 in Ranged Weapons
  5712 | D:6      | Found a shimmering blue altar of Sif Muna.
  5965 | D:7      | Noticed a two-headed ogre
  6334 | D:6      | Killed a two-headed ogre
  6335 | D:6      | Reached skill level 5 in Fighting
  6335 | D:6      | Reached skill level 8 in Ranged Weapons
  6607 | D:7      | Found Wutsucsi's Hydra Hut.
  6607 | D:7      | Noticed an eight-headed hydra
  6631 | D:7      | Reached XP level 10. HP: 81/81 MP: 16/16
  6963 | D:8      | Found a staircase to the Lair.
  6971 | D:8      | Noticed a gargoyle
  6974 | D:8      | Killed a gargoyle
  7050 | D:8      | Noticed a cyclops
  7056 | D:8      | Killed a cyclops
  7057 | D:8      | Reached skill level 9 in Ranged Weapons
  7057 | D:8      | Reached skill level 5 in Dodging
  7266 | D:8      | Found a runed translucent door.
  7456 | D:8      | Noticed a deep elf pyromancer
  7634 | D:8      | Noticed a green ugly thing
  7641 | D:8      | Killed a green ugly thing
  7757 | D:8      | Killed a deep elf pyromancer
  7800 | D:8      | Reached skill level 10 in Ranged Weapons
  8041 | D:8      | Reached XP level 11. HP: 64/89 MP: 17/17
  8043 | D:8      | Gained mutation: You are somewhat inexperienced. (-1 XL)
                  | [Ru sacrifice]
  8043 | D:8      | Reached XP level 10. HP: 65/83 MP: 16/16
  8043 | D:8      | Reached ****** piety under Ru
  8333 | D:8      | Found a stormy altar of Qazlal.
  8911 | Lair:1   | Entered Level 1 of the Lair of Beasts
  9522 | Lair:1   | Noticed Erica
  9534 | Lair:1   | Killed Erica
  9903 | Lair:1   | Reached skill level 11 in Ranged Weapons
 11153 | Lair:2   | Found a staircase to the Snake Pit.
 11187 | Lair:2   | Reached XP level 11. HP: 44/95 MP: 17/17
 12046 | Lair:3   | Noticed a boulder beetle
 12261 | Lair:2   | a boulder beetle changed into a water nymph
 12441 | Lair:2   | Reached skill level 12 in Ranged Weapons
 12814 | Lair:3   | Found a staircase to the Swamp.
 12999 | Lair:3   | Noticed an eight-headed hydra
 13008 | Lair:3   | Killed an eight-headed hydra
 13419 | Lair:3   | Noticed a seven-headed hydra
 13426 | Lair:3   | Killed a seven-headed hydra
 13969 | Lair:4   | Found a staircase to the Slime Pits.
 14156 | Lair:4   | Found a runed translucent gate.
 14156 | Lair:4   | Found a runed translucent gate.
 14156 | Lair:4   | Found a runed translucent gate.
 14158 | Lair:4   | Noticed Okey's ghost (journeyman DDFi)
 14275 | Lair:4   | Reached skill level 10 in Fighting
 14548 | Lair:4   | Reached skill level 13 in Ranged Weapons
 14640 | Lair:4   | Noticed a seven-headed hydra
 14649 | Lair:4   | Killed a seven-headed hydra
 14922 | Lair:4   | Reached XP level 12. HP: 105/106 MP: 18/18
 15214 | Lair:5   | Entered Level 5 of the Lair of Beasts
 15214 | Lair:5   | Noticed Sonja
 15299 | Lair:5   | Killed Sonja
 15398 | Lair:5   | Reached skill level 14 in Ranged Weapons
 15901 | Lair:5   | Noticed Josephine
 16027 | Lair:5   | Killed Josephine
 16028 | Lair:5   | Reached skill level 10 in Dodging
 16127 | Lair:5   | Noticed Kirke
 16137 | Lair:5   | Killed Kirke
 16138 | Lair:5   | Reached skill level 15 in Ranged Weapons
 16411 | Lair:5   | Reached XP level 13. HP: 67/113 MP: 19/19
 17312 | Lair:5   | Gained mutation: You are weak. (Str -2) [potion of
                  | mutation]
 17312 | Lair:5   | Gained mutation: Your magical capacity is low. (-10% MP)
                  | [potion of mutation]
 17312 | Lair:5   | Gained mutation: You have supernaturally acute eyesight.
                  | (SInv) [potion of mutation]
 17418 | Lair:5   | Identified the +2 ring mail of the Storm King {rN+}
 17822 | Lair:5   | Reached skill level 16 in Ranged Weapons
 18973 | D:9      | Found a flagged portal.
 18985 | Bailey   | Entered a bailey
 19286 | Bailey   | Found a large runed translucent door.
 19286 | Bailey   | Found a large runed translucent door.
 19339 | Bailey   | Identified the +1 ring mail of Sif Muna's Outrage {Contam
                  | rN+ Str+4}
 19435 | D:9      | Noticed Grum
 19440 | D:9      | Killed Grum
 19773 | D:9      | Noticed Maurice
 19778 | D:9      | Killed Maurice
 19958 | D:9      | Noticed Erolcha
 19963 | D:9      | Killed Erolcha
 20042 | D:10     | Entered Level 10 of the Dungeon
 20070 | D:10     | Reached skill level 17 in Ranged Weapons
 20859 | D:11     | Noticed Snorg
 20875 | D:11     | Killed Snorg
 21041 | D:11     | Found a runed translucent door.
 21043 | D:11     | Noticed NoAnimeNoLife's ghost (journeyman FeCK)
 21043 | D:11     | Identified the +5 trident of Slimy Watchfulness {vorpal,
                  | Fly Int+6 Stlth+}
 21250 | D:11     | You fall into a shaft and drop 1 floor!
 21252 | D:12     | Identified the ring "Zyosemu" {MP+9 AC+4}
 21347 | D:12     | Found a frozen archway.
 21356 | IceCv    | Entered an ice cave
 21429 | IceCv    | Mangled by a three-headed hydra simulacrum

Illustrated notes

Levels and vault maps discovered:
D:1:      enne_arrival_octagon_isle, layout_loops_ring,
          ebering_ecumenical_altar_petrified
D:2:      minmay_inner_zag, layout_basic, chequers_mini_garden,
          eino_tiny_chamber, minmay_rat_hole
D:3:      layout_basic, kennysheep_generic_room_11, uniq_grinder
D:4:      layout_loops_ring, grunt_temple_overflow_opulence,
          minmay_temple_entry_gardened_gates
D:5:      layout_cave_pools
D:6:      layout_loops_corners, kennysheep_mini_moat, nicolae_ossuary_entry_plus
D:7:      layout_cave_pools, serial_demonic, serial_demonic_a, serial_demonic_a,
          serial_demonic_c, serial_demonic_a, serial_demonic_b,
          serial_demonic_b, serial_demonic_d, minmay_strange_pillars,
          doesnt_shop_hydraphobe
D:8:      minmay_the_grid_four_pointed_star
          [minmay_the_grid_triangle_9x9_limited_checkers,
          minmay_the_grid_triangle_9x9_descending_squares,
          minmay_the_grid_triangle_9x9_steps,
          minmay_the_grid_triangle_9x9_subtriangle,
          minmay_the_grid_prize_four_corners], layout_cave_pools,
          old_standard_altar, centaur_isle
D:9:      layout_gridville, enter_bailey_3, uniq_maurice, uniq_erolcha,
          uniq_grum
D:10:     layout_small_grid
D:11:     layout_small_grid, erik_orc_4, ebering_ghost_funeral_grove,
          nicolae_underground_beach, uniq_snorg
D:12:     layout_loops_ring, serial_ice, serial_ice_d, serial_ice_c,
          serial_ice_n, serial_ice_l, portal_ice_cave_entry_pillars_1
Lair:1:   layout_misc_corridors, serial_bayou_pond_c, ldierk_geyser,
          minivault_23, dpeg_stationary_puzzle, uniq_erica
Lair:2:   layout_chaotic_city, minmay_snake_entry_guardpost_medium, worms_lemuel
Lair:3:   layout_regular_city, minmay_swamp_entry_wisps, grunt_megastairs_2,
          lemuel_fruit_tree, serial_bayou_shore_a, infiniplex_staircase_pool
Lair:4:   layout_regular_city, slime_entry_1, ebering_ghost_rock_garden
Lair:5:   guppyfry_lair_end_dragon, layout_concentric_octagons,
          hangedman_lair_caniforms_friends, serial_bayou_shore_b,
          infiniplex_staircase_pool_2, grunt_megastairs_3, uniq_kirke,
          uniq_sonja, uniq_josephine
IceCv:    ice_cave_caverns_02

Skill      XL: |  1  2  3  4  5  6  7  8  9 10 11 12 13 |
---------------+----------------------------------------+-----
Ranged Weapons | 1 3 4 5 7 8 11 13 15 17 | 17.3
Spellcasting   | 3 4 5 4 |  4.5
Conjurations   | 4 5 |  5.3
Dodging        | 3 4 7 8 10 | 10.0
Fighting       | 4 5 8 10 | 10.0
Unarmed Combat | 2 |  2.6

Action                   |  1- 3 |  4- 6 |  7- 9 | 10-12 | 13-15 || total
-------------------------+-------+-------+-------+-------+-------++-------
Melee: Unarmed           |    49 |     9 |       |       |       ||    58
       Tailslap          |     5 |     1 |       |       |       ||     6
 Fire: Arbalest          |   132 |    93 |   362 |   841 |   605 ||  2033
 Cast: Kiss of Death     |       |       |       |     3 |       ||     3
       Momentum Strike   |       |       |       |     1 |       ||     1
Invok: Sacrifice Resista |     1 |       |       |       |       ||     1
       Sacrifice Love    |       |       |     1 |       |       ||     1
       Sacrifice Skill   |       |       |     1 |       |       ||     1
       Draw Out Power    |       |       |       |     2 |     1 ||     3
       Sacrifice Experie |       |       |       |     1 |       ||     1
       Apocalypse        |       |       |       |     7 |     4 ||    11
 Abil: Breathe Lightning |       |       |    16 |    34 |    11 ||    61
Evoke: Wand              |       |       |       |    12 |     1 ||    13
       Lightning rod     |       |       |       |     4 |     2 ||     6
  Use: Scroll            |       |     6 |     9 |    21 |     6 ||    42
       Potion            |       |     2 |       |     1 |     2 ||     5
Armor: Skin              |    58 |    34 |    93 |   139 |   126 ||   450
Dodge: Dodged            |   131 |   127 |   317 |   648 |   301 ||  1524

Table legend: (Time is in decaauts)
 A = Elapsed time spent in this place.
 B = Non-inter-level travel time spent in this place.
 C = Inter-level travel time spent in this place.
 D = Time resting spent in this place.
 E = Time spent auto-exploring this place.
 F = Levels seen in this place.
 G = Mean time per level.
                   A        B        C        D        E       F      G
               +--------+--------+--------+--------+--------+-----+--------+
         Total |  22240 |  21366 |    874 |   6975 |   9699 |  20 | 1112.0 |
       Dungeon |  11021 |  10343 |    678 |   2532 |   5563 |  12 |  918.4 |
          Lair |  10042 |   9847 |    195 |   4047 |   3887 |   5 | 2008.4 |
       Ossuary |    676 |    676 |      0 |    224 |    188 |   1 |  676.0 |
        Bailey |    427 |    427 |      0 |    170 |     60 |   1 |  427.0 |
      Ice Cave |     73 |     73 |      0 |      0 |      0 |   1 |   73.0 |
               +--------+--------+--------+--------+--------+-----+--------+

Top non-repeatable levels by time:
  Lair:5: 3050 daAuts
  Lair:2: 2403 daAuts
     D:8: 2360 daAuts
  Lair:4: 1984 daAuts
  Lair:3: 1450 daAuts
     D:6: 1398 daAuts
  Lair:1: 1153 daAuts
     D:4: 1138 daAuts
     D:3: 1083 daAuts
     D:2: 987 daAuts
    D:10: 813 daAuts
     D:5: 700 daAuts
     D:1: 689 daAuts
     D:9: 676 daAuts
 Ossuary: 676 daAuts
